 Dungeon Sprint DCSS version 0.30-a0-451-ge042605de7 (webtiles) character file.

Game seed: 6242432615118057769

599 rocky1 the Fighter (level 7, -14/83 HPs)
             Began as an Ogre Gladiator on Dec 11, 2022.
             Was the Champion of Cheibriados.
             Killed from afar by an efreet (25 damage)
             ... with a fireball
             ... in the Dungeon (Sprint VII: "The Pits").
             The game lasted 00:02:13 (560 turns).

rocky1 the Fighter (Ogre Gladiator)                  Turns: 560, Time: 00:02:14

Health: -14/83     AC: 10    Str: 36    XL:     7   Next: 41%
Magic:  6/12       EV: 15    Int: 24    God:    Cheibriados [******]
Gold:   0          SH:  0    Dex: 25    Spells: 6/6 levels left

rFire   . . .      SeeInvis .    p - +1 flail (protect)
rCold   . . .      Faith    .    (no shield)
rNeg    . . .      Spirit   .    b - +0 robe
rPois   .          Reflect  .    c - +0 hat
rElec   .          Harm     .    (no cloak)
rCorr   .          Rampage  .    (gloves unavailable)
Will    .....      NoTele   +    (boots unavailable)
Stlth   ++........               (no amulet)
HPRegen 0.33/turn                (no ring)
MPRegen 0.13/turn                (no ring)

@: under a protective aura, very slow
A: large, unfitting armour, tough skin 1
a: Renounce Religion, Bend Time, Temporal Distortion, Slouch, Step From Time


You were in the Dungeon.
You worshipped Cheibriados.
Cheibriados was exalted by your worship.
You visited 1 branch

Inventory:

Hand Weapons
 a - a +0 flail
 o - a +2 vampiric whip
 p - a +1 flail of protection (weapon)
Missiles
 d - 3 throwing nets (quivered)
 e - a large rock
Armour
 b - a +0 robe (worn)
 c - a +0 hat (worn)
Scrolls
 k - a scroll of blinking
 m - 5 scrolls of amnesia
 n - a scroll of butterflies
Potions
 f - 6 potions of curing
 g - 6 potions of heal wounds
 h - a potion of haste
 i - 4 potions of magic
 j - 2 potions of berserk rage
 l - 2 potions of invisibility


   Skills:
 + Level 9.5 Fighting
 + Level 6.9 Maces & Flails
 - Level 2.6 Throwing
 + Level 5.6 Armour
 + Level 6.9 Dodging
 + Level 7.2 Invocations


You had 6 spell levels left.
You didn't know any spells.
Your spell library was empty.

Dungeon Overview and Level Annotations

Branches:
Dungeon (1/1)

Altars:
Ashenzari
Cheibriados
Dithmenos
Elyvilon
Fedhas
Gozag
Hepliaklqana
Kikubaaqudgha
Makhleb
Nemelex Xobeh
Okawaru
Qazlal
Ru
Sif Muna
Trog
Uskayaw
Vehumet
Wu Jian
Xom
Yredelemnul
Zin
The Shining One
Jiyva
Lugonu


Innate Abilities, Weirdness & Mutations

You are too large for most types of armour.
You have tough skin. (AC +1)


Message History

The efreet is heavily wounded.
The efreet gestures at you. The bolt of fire hits you!
You hit the efreet but do no damage.
Your weapon exudes an aura of protection.
The efreet is heavily wounded.
The efreet gestures at you.
The fireball explodes!
The fireball engulfs you!
The fireball engulfs the efreet.
The efreet completely resists.
You barely miss the efreet.
The efreet is heavily wounded.
The efreet gestures at you.
The fireball explodes!
The fireball engulfs you!
The fireball engulfs the efreet.
The efreet completely resists.
You hit the efreet but do no damage.
The efreet is heavily wounded.
The efreet barely misses you.
You hit the efreet but do no damage.
The efreet is heavily wounded.
The efreet barely misses you.
You hit the efreet but do no damage.
The efreet is heavily wounded.
The efreet hits you but does no damage.
You barely miss the efreet.
The efreet is heavily wounded.
The efreet barely misses you. The efreet closely misses you.
You barely miss the efreet.
The efreet is heavily wounded.
The efreet barely misses you.
You hit the efreet.
The efreet is heavily wounded.
The efreet hits you with a +3 scimitar of flaming!!
* * * LOW HITPOINT WARNING * * *
The efreet burns you!
* * * LOW HITPOINT WARNING * * *
You sock the efreet!
The efreet is almost dead.
The efreet gestures at you.
The fireball explodes!
The fireball engulfs you!!
You die...

#.#####'#####...<...#
#)#...)))[.##.......#
#)#...).)[.##.......#
#'###########.......#
#†......#..##########
#†.#.#..#†######
#.##.##.#.#....#
#.......#'#)...#
#.##.##.#.@†...+
#..#.#..#'#R...#
#.......'.#....#
################


You could see an efreet.

Vanquished Creatures
  Prince Ribbit (D)
  A hornet (D)
  Menkaure (D)
  2 crimson imps (D)
  A gnoll bouda (D)
  An iguana (D)
  A mummy (D)
  4 gnolls (D)
  An adder (D)
  A river rat (D)
  3 adder skeletons (D)
  2 worms (D)
  A ball python (D)
  A goblin (D)
  A hobgoblin (D)
  2 kobolds (D)
  A quokka (D)
  A ball python skeleton (D)
  A frilled lizard (D)
  A rat (D)
28 creatures vanquished.

Notes
Turn   | Place    | Note
-------+----------+-------------------------------------------
     0 | D        | rocky1 the Ogre Gladiator began the quest for the Orb.
     0 | D        | Reached XP level 1. HP: 22/22 MP: 1/1
    15 | D        | Reached skill level 3 in Fighting
    15 | D        | Reached skill level 1 in Armour
    15 | D        | Reached XP level 2. HP: 31/31 MP: 2/2
    18 | D        | Found a bloodstained altar of Trog.
    18 | D        | Found a shimmering blue altar of Sif Muna.
    18 | D        | Found a viscous altar of Jiyva.
    18 | D        | Found a hazy altar of Hepliaklqana.
    18 | D        | Found an opulent altar of Gozag.
    19 | D        | Found a glowing golden altar of the Shining One.
    19 | D        | Found a glowing silver altar of Zin.
    19 | D        | Found a basalt altar of Yredelemnul.
    19 | D        | Found a shimmering altar of Xom.
    19 | D        | Found an ornate altar of the Wu Jian Council.
    19 | D        | Found a sacrificial altar of Ru.
    19 | D        | Found a stormy altar of Qazlal.
    19 | D        | Found an iron altar of Okawaru.
    19 | D        | Found a sparkling altar of Nemelex Xobeh.
    19 | D        | Found a burning altar of Makhleb.
    19 | D        | Found a blossoming altar of Fedhas.
    19 | D        | Found a white marble altar of Elyvilon.
    19 | D        | Found a shadowy altar of Dithmenos.
    19 | D        | Found a snail-covered altar of Cheibriados.
    22 | D        | Found a corrupted altar of Lugonu.
    22 | D        | Found a radiant altar of Vehumet.
    23 | D        | Found an ancient bone altar of Kikubaaqudgha.
    23 | D        | Found a hide-covered altar of Uskayaw.
    23 | D        | Found a broken altar of Ashenzari.
    30 | D        | Became a worshipper of Cheibriados the Contemplative
    73 | D        | Reached * piety under Cheibriados
    91 | D        | Reached ** piety under Cheibriados
    92 | D        | Reached skill level 1 in Invocations
   212 | D        | Noticed a crimson imp
   221 | D        | Reached skill level 4 in Fighting
   221 | D        | Reached XP level 3. HP: 39/39 MP: 2/4
   224 | D        | Reached *** piety under Cheibriados
   225 | D        | Reached skill level 5 in Fighting
   225 | D        | Reached XP level 4. HP: 31/50 MP: 2/6
   391 | D        | Noticed Menkaure
   394 | D        | Noticed Prince Ribbit
   396 | D        | Reached **** piety under Cheibriados
   397 | D        | Reached ***** piety under Cheibriados
   397 | D        | Killed Menkaure
   397 | D        | Killed Prince Ribbit
   398 | D        | Reached skill level 8 in Fighting
   398 | D        | Reached XP level 5. HP: 35/66 MP: 1/9
   398 | D        | Reached XP level 6. HP: 40/74 MP: 1/10
   518 | D        | Reached ****** piety under Cheibriados
   522 | D        | Reached skill level 5 in Armour
   547 | D        | Noticed an efreet
   547 | D        | Noticed a hornet
   550 | D        | Killed a hornet
   551 | D        | Reached skill level 9 in Fighting
   551 | D        | Reached XP level 7. HP: 67/83 MP: 5/12
   560 | D        | Killed from afar by an efreet

Illustrated notes

Levels and vault maps discovered:
D:        pitsprint [storerooms_1, entrance_room_1, metal_vault_2, armoury_2,
          mini_pit_1, grid_room_1, main_hall_1, silver_pit, the_coven_2,
          the_vestibule_1, steel_vault_4, golden_pit, hallway_of_sentries,
          crystal_vault_5, iron_vault_2, final_vault]

Skill      XL: |  1  2  3  4  5  6 |
---------------+-------------------+-----
Fighting       | 3 4 5 8 9 |  9.5
Maces & Flails | 3 4 6 |  6.9
Armour         | 1 2 4 5 |  5.6
Dodging        | 3 4 6 |  6.9
Invocations    | 1 2 6 7 |  7.2
Throwing       | |  2.6

Action                   |  1- 3 |  4- 6 |  7- 9 || total
-------------------------+-------+-------+-------++-------
Melee: Flail             |    29 |    40 |    10 ||    79
       Punch             |       |     1 |       ||     1
Invok: Slouch            |       |     2 |       ||     2
  Use: Potion            |     1 |       |       ||     1
 Stab: Sleeping          |     1 |     1 |       ||     2
Armor: Robe              |     8 |     6 |     1 ||    15
Dodge: Dodged            |    19 |    28 |     5 ||    52

Table legend: (Time is in decaauts)
 A = Elapsed time spent in this place.
 B = Non-inter-level travel time spent in this place.
 C = Inter-level travel time spent in this place.
 D = Time resting spent in this place.
 E = Time spent auto-exploring this place.
 F = Levels seen in this place.
 G = Mean time per level.
                   A        B        C        D        E       F      G
               +--------+--------+--------+--------+--------+-----+--------+
         Total |    649 |    617 |     32 |    315 |      0 |   1 |  649.0 |
       Dungeon |    649 |    617 |     32 |    315 |      0 |   1 |  649.0 |
               +--------+--------+--------+--------+--------+-----+--------+

Top non-repeatable levels by time:
       D: 649 daAuts
